 Dungeon Crawl Stone Soup version 0.28.0-53-g5a82cb258f (webtiles) character file.

Game seed: 8312825250318675580

132 ILmort the Firebug (level 5, -1/45 HPs)
             Began as an Ogre Fire Elementalist on Aug 13, 2022.
             Slain by an ogre
             ... wielding a +0 giant spiked club
              (18 damage)
             ... on level 3 of the Dungeon.
             The game lasted 00:12:12 (3709 turns).

ILmort the Firebug (Ogre Fire Elementalist)         Turns: 3709, Time: 00:12:12

Health: -1/45      AC:  3    Str: 12    XL:     5   Next: 15%
Magic:  3/10       EV:  9    Int: 24    God:
Gold:   72         SH:  0    Dex:  9    Spells: 6/11 levels left

rFire   + . .      SeeInvis .   l - +0 spear (drain)
rCold   x . .      Faith    .   (no shield)
rNeg    . . .      Spirit   .   a - +0 robe
rPois   .          Reflect  .   (helmet restricted)
rElec   .          Harm     .   (no cloak)
rCorr   .          Rampage  .   (gloves unavailable)
Will    .....                   (boots unavailable)
Stlth   +.........              (no amulet)
HPRegen 0.15/turn               f - ring of fire
MPRegen 0.12/turn               i - +6 ring of intelligence

@: no status effects
A: large, unfitting armour, tough skin 1
a: no special abilities


You were on level 3 of the Dungeon.
You visited 1 branch of the dungeon, and saw 4 of its levels.

You collected 72 gold pieces.

Inventory:

Hand Weapons
 l - a +0 spear of draining (weapon)
Armour
 a - a +0 robe (worn)
Jewellery
 f - a ring of fire (left hand)
 i - a +6 ring of intelligence (right hand)
Scrolls
 e - 2 scrolls of magic mapping
 g - a scroll of identify
Potions
 b - a potion of haste {unknown}
 c - a potion of mutation {unknown}
 h - a potion of invisibility {unknown}
 j - a potion of attraction {unknown}
 m - a potion of berserk rage {unknown}
 n - a potion of curing {unknown}
 o - 2 potions of magic
 p - a potion of brilliance {unknown}


   Skills:
 - Level 1.9 Dodging
 - Level 1.5 Stealth
 + Level 3.5 Spellcasting
 - Level 2.1 Conjurations
 * Level 4.1 Fire Magic


You had 6 spell levels left.
You knew the following spells:

 Your Spells              Type           Power      Damage    Failure   Level
a - Foxfire               Conj/Fire      100%       2x1d9     3%          1
b - Scorch                Fire           70%        2d9       3%          2
c - Blink                 Tloc           8%         N/A       16%         2

Your spell library contained the following spells:

 Spells                   Type           Power      Damage    Failure   Level
 Conjure Flame            Conj/Fire      28%        6-21      9%          3
 Inner Flame              Hex/Fire       21%        N/A       13%         3
 Flame Wave               Conj/Fire      28%        2d8       28%         4
 Lesser Beckoning         Tloc           4%         N/A       30%         3
 Tukima's Dance           Hex            4%         N/A       30%         3
 Anguish                  Hex/Necr       2%         N/A       71%         4
 Manifold Assault         Tloc           4%         N/A       96%         5
 Enfeeble                 Hex            2%         N/A       100%        7


Dungeon Overview and Level Annotations

Branches:
Dungeon (4/15)
 Temple: D:4-7

Altars:


Innate Abilities, Weirdness & Mutations

You are too large for most types of armour.
You have tough skin. (AC +1)


Message History

You see here an orb of wrath.
e - 2 scrolls of magic mapping (gained 1)
An adder and an adder skeleton come into view.
The adder hisses angrily.
The adder moves out of view.
The adder skeleton moves out of view.
An ogre comes into view. It is wielding a +0 giant spiked club.
Casting: Foxfire (safe; 3% risk of failure)
You feel a surge of power!
Flames lash the adder.
The adder's fire resistance burns away.
The ogre shouts!
Casting: Scorch (safe; 3% risk of failure)
You feel a surge of power!
Flames lash the adder.
The adder is burned terribly!
You kill the adder!
Casting: Scorch (safe; 3% risk of failure)
You can't see any susceptible monsters within range! (Use Z to cast anyway.)
Casting: Scorch (safe; 3% risk of failure)
You can't see any susceptible monsters within range! (Use Z to cast anyway.)
Casting: Scorch (safe; 3% risk of failure)
You can't see any susceptible monsters within range! (Use Z to cast anyway.)
Casting: Scorch (safe; 3% risk of failure)
You feel a surge of power!
Flames lash the ogre.
The ogre's fire resistance burns away.
Casting: Scorch (safe; 3% risk of failure)
You feel a surge of power!
Flames lash the ogre.
Casting: Scorch (safe; 3% risk of failure)
You feel a surge of power!
Flames lash the ogre.
The ogre is burned terribly!
You hear a shout!
The ogre barely misses you.
An orc comes into view. It is wielding a +0 short sword.
Casting: Scorch (safe; 3% risk of failure)
You don't have enough magic to cast this spell.
The ogre hits you with a +0 giant spiked club!
The ogre hits you with a +0 giant spiked club!
The ogre is no longer more vulnerable to fire.
There is a stone staircase leading up here.
The ogre hits you with a +0 giant spiked club!
You climb upwards.
There is a stone staircase leading down here.
The ogre hits you with a +0 giant spiked club!!
You die...

## ####### #. #(..>.## #. ######
#.###O.# ##.
.....######.####@######## #..
####.##.......##........# #..
#........#>#########.# #..
#######.###.#.##### #.# ##..
..#..(..##..#.....#####.### #...
#...######...#............# #.##
##....รท....#........<.)(#.##
#.#
#...#####..###.............###.#
#.### ##....................#.#


You could see an ogre.

Vanquished Creatures
  3 gnolls (D:4)
  4 adders
  5 dart slugs
  4 ball pythons
  7 endoplasms
  2 giant cockroaches
  6 goblins
  3 hobgoblins (D:1)
  2 quokkas (D:1)
  4 bats
  6 frilled lizards
  7 kobolds
  6 rats
59 creatures vanquished.

Vanquished Creatures (others)
  66 foxfires
66 creatures vanquished.

Grand Total: 125 creatures vanquished

Notes
Turn   | Place    | Note
-------+----------+-------------------------------------------
     0 | D:1      | ILmort the Ogre Fire Elementalist began the quest for the
                  | Orb.
     0 | D:1      | Reached XP level 1. HP: 16/16 MP: 3/3
   154 | D:1      | Reached skill level 1 in Conjurations
   235 | D:1      | Reached XP level 2. HP: 24/24 MP: 1/5
   456 | D:1      | Reached skill level 3 in Fire Magic
   940 | D:2      | Reached XP level 3. HP: 30/31 MP: 5/7
  1467 | D:2      | Learned a level 2 spell: Scorch
  1840 | D:2      | Reached XP level 4. HP: 33/39 MP: 5/8
  2656 | D:3      | Found a faded altar of an unknown god.
  3300 | D:4      | Learned a level 2 spell: Blink
  3379 | D:4      | Reached skill level 4 in Fire Magic
  3379 | D:4      | Reached XP level 5. HP: 44/45 MP: 0/10
  3681 | D:4      | Noticed an ogre
  3709 | D:3      | Slain by an ogre

Illustrated notes

Levels and vault maps discovered:
D:1:      wander_arrival_fairy_ring, layout_loops_cross
D:2:      layout_basic, supply_closet_lemuel
D:3:      layout_rooms, shapermc_ecumenical_altar_mp_ritualfount
D:4:      layout_basic, nzn_random_ring

Skill      XL: |  1  2  3  4 |
---------------+-------------+-----
Conjurations   | 1 2 |  2.1
Fire Magic     | 3 4 |  4.1
Spellcasting   | 3 |  3.5
Dodging        | |  1.9
Stealth        | |  1.5

Action                   |  1- 3 |  4- 6 || total
-------------------------+-------+-------++-------
Melee: Short sword       |    49 |     4 ||    53
       Spear             |       |    15 ||    15
 Cast: Foxfire           |    32 |    10 ||    42
       Scorch            |     5 |    20 ||    25
       Blink             |       |     2 ||     2
  Use: Scroll            |       |     5 ||     5
Armor: Robe              |    16 |     8 ||    24
Dodge: Dodged            |    28 |    12 ||    40
